 Dungeon Crawl Stone Soup version 0.18.1-2-ga659475 (webtiles) character file.

142 vale the Conjurer (level 5, -9/42 HPs)
             Began as a Naga Wizard on May 7, 2016.
             Killed from afar by CosmicAfro's ghost (26 damage)
             ... with a flame tongue
             ... on level 4 of the Dungeon.
             The game lasted 00:10:07 (3803 turns).

vale the Conjurer (Naga Wizard)                     Turns: 3803, Time: 00:10:07

Health: -9/42      AC:  2    Str: 10    XL:     5   Next: 24%
Magic:  5/10       EV:  9    Int: 19    God:
Gold:   154        SH:  0    Dex:  9    Spells: 4 memorised, 2 levels left

rFire  . . .     SeeInvis +     a - +0 dagger
rCold  . . .     Gourm    .     f - +0 robe
rNeg   . . .     Faith    .     (no shield)
rPois  +         Spirit   .     B - +0 hat
rElec  .         Dismiss  .     (no cloak)
rCorr  .         Reflect  .     (no gloves)
SustAt .         Harm     .     (no barding)
MR     .....                    (no amulet)
Stlth  ++........               (no ring)
                                h - ring of wizardry

@: very slightly contaminated, very slow, not resistant to hostile enchantments,
unstealthy
A: see invisible, deformed body, poison resistance, slowness 2, slow metabolism
1, spit poison 2, AC +1
a: Spit Poison


You were on level 4 of the Dungeon.
You were not hungry.

You visited 1 branch of the dungeon, and saw 4 of its levels.

You collected 154 gold pieces.

Inventory:

Hand Weapons
 a - a +0 dagger (weapon)
 b - a +0 blowgun
Missiles
 j - 29 stones (quivered)
 n - 5 poisoned javelins
 w - 10 poisoned needles
 A - 6 curare-tipped needles
Armour
 f - a +0 robe (worn)
 B - a +0 hat (worn)
Jewellery
 h - a ring of wizardry (left hand)
 v - an uncursed ring of wizardry
 D - a cursed ring of teleportation {unknown}
Scrolls
 p - a scroll of noise {unknown}
 r - a scroll of enchant weapon {unknown}
 t - a scroll of random uselessness
Potions
 e - a potion of flight {unknown}
 g - 2 potions of curing
 k - a potion of might {unknown}
 l - 2 potions of degeneration {unknown}
 m - a potion of brilliance {unknown}
 q - 2 potions of agility {unknown}
 s - a potion of resistance {unknown}
 u - 2 potions of cancellation {unknown}
 z - 3 potions of lignification {unknown}
Books
 c - a book of Minor Magic

   Spells                             Type                      Level
   a - Magic Dart                     Conjuration                  1
   b - Blink                          Translocation                2
   c - Call Imp                       Summoning                    2
   d - Repel Missiles                 Charms/Air                   2
   e - Slow                           Hexes                        2
   f - Conjure Flame                  Conjuration/Fire             3
   g - Mephitic Cloud                 Conjuration/Poison/Air       3
Comestibles
 d - 3 bread rations {@e1}
 i - a meat ration {@e2}
 o - a slice of pizza
 x - 2 chunks of flesh {@w0}


   Skills:
 - Level 1.5 Dodging
 + Level 3.4 Stealth
 * Level 3.4 Spellcasting
 - Level 4.4 Conjurations
 - Level 1.0 Summonings
 - Level 1.0 Translocations


You had 2 spell levels left.
You knew the following spells:

 Your Spells              Type           Power        Failure   Level  Hunger
a - Magic Dart            Conj           ###.         1%          1    None
d - Mephitic Cloud        Conj/Pois/Air  #.......     12%         3    ###....
e - Call Imp              Summ           #.......     7%          2    ##.....
p - Blink                 Tloc           N/A          7%          2    ##.....


Dungeon Overview and Level Annotations

Branches:
Dungeon (4/15)
 Temple: D:4-7

Altars:
Gozag

Annotations:
D:2 exclusion: Sigmund, Sigmund
D:3 Charmandara's ghost, amateur TrMo
D:4 CosmicAfro's ghost, novice TeFE


Innate Abilities, Weirdness & Mutations

You cannot wear boots.
Your serpentine skin is tough (AC +1).
You have supernaturally acute eyesight.
Armour fits poorly on your strangely shaped body.
Your system is resistant to poisons.
You cover ground very slowly.
You have a slow metabolism.
You can spit poison.


Message History

CosmicAfro's ghost points at you and mumbles some strange words.
The flame tongue hits your white imp.
Your white imp is burned terribly!
Your white imp dies!
CosmicAfro's ghost barely misses you.
You miscast Blink.
You are very lightly contaminated with residual magic.
Strange energies run through your body. CosmicAfro's ghost hits you.
CosmicAfro's ghost burns you.
You take 5 damage, and have 37/42 hp.
You now have 6/10 mp.
You blink.
CosmicAfro's ghost points at you and mumbles some strange words.
The flame tongue hits you!
Ouch! That really hurt!
* * * LOW HITPOINT WARNING * * *
You take 21 damage, and have 16/42 hp.
MASSIVE DAMAGE!!
You now have 4/10 mp.
CosmicAfro's ghost casts a spell at you.
The flame tongue hits you!
Ouch! That really hurt!
You die...

#..%......# #.........#
#.....)...# #.........#
#.........# #####
#.........# #####...#
#.........#
#.....W.######....(....##
#..ยง._..@........#.......
#.....$..........#.......
#######..........#.......
#..........#.......
#..........#.......
#..........#..>....
#..........+.W.....
#..........#....[..
#.............#####


You could see CosmicAfro's ghost.

Vanquished Creatures
  A giant frog skeleton (D:4)
  2 adders
  2 oozes
  A worm (D:3)
  4 giant geckos
  4 orcs
  4 giant cockroaches
  4 goblins
  5 hobgoblins
  3 jackals
  10 kobolds
  A ball python (D:1)
  4 bats
  7 giant newts
  7 rats
59 creatures vanquished.

Vanquished Creatures (collateral kills)
  3 adders (D:2)
  A giant cockroach (D:2)
  A hobgoblin (D:2)
  A rat (D:2)
6 creatures vanquished.

Grand Total: 65 creatures vanquished

Notes
Turn   | Place    | Note
--------------------------------------------------------------
     0 | D:1      | vale the Naga Wizard began the quest for the Orb.
     0 | D:1      | Reached XP level 1. HP: 15/15 MP: 4/4
   288 | D:1      | Reached skill level 2 in Conjurations
   288 | D:1      | Reached XP level 2. HP: 22/22 MP: 0/6
   981 | D:1      | Reached XP level 3. HP: 28/28 MP: 3/7
  1083 | D:1      | Reached skill level 3 in Conjurations
  1444 | D:2      | Found a faded altar to an unknown god.
  1465 | D:2      | Noticed Sigmund
  1513 | D:2      | Learned a level 2 spell: Blink
  1516 | D:2      | Learned a level 2 spell: Call Imp
  1520 | D:2      | Learned a level 3 spell: Mephitic Cloud
  1970 | D:2      | Reached XP level 4. HP: 36/36 MP: 3/8
  2157 | D:3      | Reached skill level 4 in Conjurations
  2232 | D:3      | Noticed Charmandara's ghost (amateur TrMo)
  2937 | D:3      | dammit
  2946 | D:3      | fuck
  2952 | D:3      | !!!!1!
  3043 | D:4      | Noticed a phantom
  3555 | D:4      | Reached XP level 5. HP: 42/42 MP: 7/9
  3765 | D:4      | Noticed CosmicAfro's ghost (novice TeFE)
  3770 | D:4      | Found an opulent altar of Gozag.
  3803 | D:4      | Killed from afar by CosmicAfro's ghost

Skill      XL: |  1  2  3  4 |
---------------+-------------+-----
Conjurations   | 2 3 4 |  4.4
Dodging        | |  1.5
Stealth        | |  3.4
Spellcasting   | |  3.4
Summonings     | |  1.0
Translocations | |  1.0

Action                   |  1- 3 |  4- 6 || total
-------------------------+-------+-------++-------
Melee: Dagger            |     6 |    21 ||    27
 Cast: Magic Dart        |    74 |    60 ||   134
       Call Imp          |     2 |     7 ||     9
       Blink             |       |     1 ||     1
 Abil: Spit Poison       |     5 |     3 ||     8
  Use: Scroll            |       |     4 ||     4
       Potion            |       |     1 ||     1
  Eat: Chunk             |     2 |     5 ||     7
Armor: Robe              |     6 |    19 ||    25
Dodge: Dodged            |     4 |    44 ||    48
